 Dungeon Crawl Stone Soup version 0.31.0-32-g396128a36d (webtiles) character file.

Game seed: 15695777472747920267

1337 unlimited1921 the Chopper (level 8, 0/58 (67) HPs)
             Began as a Gnoll Cinder Acolyte on Mar 30, 2024.
             Was a High Priest of Ignis.
             Slain by a wight
             ... wielding a +5 morningstar
              (9 damage)
             ... on level 5 of the Dungeon.
             The game lasted 00:22:43 (8323 turns).

unlimited1921 the Chopper (Gnoll Cinder Acolyte)    Turns: 8323, Time: 00:22:44

HP:   0/58 (67)     AC: 14    Str: 25    XL:     8   Next: 61%
MP:   14/14         EV: 12    Int: 14    God:    Ignis [*****.]
Gold: 223           SH:  0    Dex: 10    Spells: 7/16 levels left

rFire   + . .        w - +1 demon blade (elec)
rCold   + . .        (no shield)
rNeg    . . .        b - +0 robe
rPois   +            q - +1 helmet "Erchev" {rPois Regen+ Str+6 Stlth-}
rElec   .            x - +1 cloak of the Kodama {*Corrode rC+ Slay+5}
rCorr   .            r - +0 pair of gloves
SInv    .            (no boots)
Will    .....        (no amulet)
Stlth   +            A - +6 ring of strength
HPRegen 1.09/turn    y - ring of wizardry
MPRegen 0.14/turn

%: corrode self (3%), wizardry (x1)
@: fiery-armoured, heavily drained
A: fangs 1, strong nose, distributed training
a: Renounce Religion, Fiery Armour, Foxfire Swarm, Rising Flame


You were on level 5 of the Dungeon.
You worshipped Ignis.
Ignis was extremely pleased with you.
You visited 2 branches of the dungeon, and saw 7 of its levels.

You collected 223 gold pieces.

Inventory:

Hand Weapons
 a - a -1 hand axe of flaming
 j - a +1 heavy sling
 n - a +2 dagger of venom
 t - a +3 quarterstaff of chaos
 v - a +0 hammer
 w - a +1 demon blade of electrocution (weapon)
Missiles
 g - 12 poisoned darts (quivered)
 k - 20 stones
Armour
 b - a +0 robe (worn)
 f - a +0 ring mail
 q - the +1 helmet "Erchev" (worn) {rPois Regen+ Str+6 Stlth-}
   (You took it off Robin on level 2 of the Dungeon)

   Str+6:     It affects your strength (+6).
   rPois:     It protects you from poison Regen+: It increases your rate of
   health regeneration.
   Stlth-:    It makes you less stealthy.
 r - a +0 pair of gloves (worn)
 u - a +0 cloak
 x - the +1 cloak of the Kodama (worn) {*Corrode rC+ Slay+5}
   (You found it on level 3 of the Dungeon)

   Slay+5:    It affects your accuracy & damage with ranged weapons and melee
   (+5).
   rC+:       It protects you from cold.
   *Corrode:  It may corrode you when you take damage.
 D - a +0 helmet
 G - a +0 chain mail
Jewellery
 o - an amulet of guardian spirit
 p - a ring of see invisible
 y - a ring of wizardry (right hand)
 A - a +6 ring of strength (left hand)
Wands
 z - a wand of polymorph (10)
 H - a wand of digging (3)
Scrolls
 d - 2 scrolls of noise {unknown}
 e - 2 scrolls of enchant weapon {unknown}
 h - a scroll of summoning {unknown}
 i - 3 scrolls of identify {unknown}
 m - 2 scrolls of fear {unknown}
 B - a scroll of immolation {unknown}
 I - a scroll of teleportation {unknown}
Potions
 c - a potion of haste {unknown}
 l - 2 potions of degeneration {unknown}
 s - a potion of heal wounds {unknown}
 C - 2 potions of attraction {unknown}
 E - 2 potions of curing {unknown}
 F - a potion of enlightenment {unknown}


   Skills:
 + Level 7.5 Fighting
 + Level 3.5 Short Blades
 + Level 3.5 Long Blades
 + Level 7.5 Axes
 + Level 3.5 Maces & Flails
 + Level 3.5 Polearms
 + Level 3.5 Staves
 + Level 3.5 Ranged Weapons
 + Level 3.5 Throwing
 + Level 3.5 Armour
 + Level 3.5 Dodging
 + Level 3.5 Stealth
 + Level 3.5 Shields
 + Level 3.5 Unarmed Combat
 + Level 4.6 Spellcasting
 + Level 2.9 Conjurations
 + Level 2.9 Hexes
 + Level 2.9 Summonings
 + Level 2.9 Necromancy
 + Level 2.9 Translocations
 + Level 6.2 Fire Magic
 + Level 2.9 Ice Magic
 + Level 2.9 Air Magic
 + Level 2.9 Earth Magic
 + Level 2.9 Alchemy
 + Level 3.9 Invocations
 + Level 3.5 Evocations
 + Level 3.2 Shapeshifting


You had 7 spell levels left.
You knew the following spells:

 Your Spells              Type           Power      Damage    Failure   Level
a - Scorch                Fire           40%        2d6       1%          2
b - Summon Ice Beast      Ice/Summ       11%        N/A       6%          3
c - Summon Blazeheart Go  Fire/Summ      16%        N/A       11%         4

Your spell library contained the following spells:

 Spells                   Type           Power      Damage    Failure   Level
 Summon Small Mammal      Summ           44%        N/A       2%          1
 Blink                    Tloc           22%        N/A       3%          2
 Lesser Beckoning         Tloc           22%        N/A       3%          2
 Momentum Strike          Conj/Tloc      22%        3d8       3%          2
 Volatile Blastmotes      Fire/Tloc      32%        2d12      3%          3
 Call Canine Familiar     Summ           11%        N/A       6%          3
 Dazzling Flash           Conj/Hex       22%        N/A       6%          3
 Frozen Ramparts          Ice            22%        1d4       6%          3
 Hailstorm                Conj/Ice       11%        3d6       6%          3
 Leda's Liquefaction      Alch/Erth      5%         N/A       21%         4
 Petrify                  Alch/Erth      11%        N/A       21%         4
 Metabolic Englaciation   Hex/Ice        5%         N/A       50%         5
 Starburst                Conj/Fire      8%         6d4       82%         6
 Sculpt Simulacrum        Ice/Alch       5%         N/A       96%         6
 Maxwell's Capacitive Co  Air            5%         ∞         100%        8


Dungeon Overview and Level Annotations

Branches:
Dungeon (6/15)             Temple (1/1) D:4

Altars:
Ashenzari
Cheibriados
Dithmenos
Fedhas
Kikubaaqudgha
Makhleb
Nemelex Xobeh
Okawaru
Qazlal
Sif Muna
Trog
Uskayaw
Vehumet
Wu Jian
Xom
Yredelemnul
Zin
The Shining One

Shops:
D:5 (


Innate Abilities, Weirdness & Mutations

You have very sharp teeth.
Your uncanny sense of smell can sniff out nearby items.
Your experience applies equally to all skills.


Message History

The water moccasin bites you. The water moccasin closely misses you.
You slash the water moccasin!
Lightning courses through the water moccasin!
You kill the water moccasin!
No target in view!
No target in view!
You see here a +0 dagger.
You start resting.
You are no longer corroded.
You start resting.
HP restored.
You start resting.
Magic restored.
You start waiting.
Done waiting.
There is a stone staircase leading down here.
There is a stone staircase leading down here.
You climb downwards.
The wight hits you with a +5 morningstar!!
You feel drained.
There is a stone staircase leading up, spattered with blood here.
You climb upwards.
There is a stone staircase leading down here.
You closely miss the wight. You bite the wight, but do no damage.
The wight hits you with a +5 morningstar!
You feel drained.
You closely miss the wight. The wight barely misses you. The wight misses you.
You barely miss the wight.
The wight hits you with a +5 morningstar.
You feel drained.
You barely miss the wight.
The wight hits you with a +5 morningstar!
* * * LOW HITPOINT WARNING * * *
You feel drained.
* * * LOW HITPOINT WARNING * * *
Casting: Scorch (safe; 1% risk of failure)
Confirm with . or Enter, or press ? or * to list all spells.
Okay, then.
A protective cloak of flame settles atop you.
The wight hits you with a +5 morningstar!
You die...

.................####.......# #..
##...........#............### #..
#.............#####......#####..
######....#####.................
####.<......#...............###..
..............#.....#....#### #..
................#........# #..
.###........####z...###### #..
#######....##...@...# ###
........####..###)..#
.....#.......## #####
.......####### .....### .....#
######


You could see a wight.

Vanquished Creatures
  A moth of wrath (D:3)
  A water moccasin (D:5)
  An ogre (D:5)
  A centaur (D:5)
  2 phantoms (D:5)
  A wight (D:6)
  3 bombardier beetles
  Crazy Yiuf (D:2)
  3 iguanas
  Robin (D:2)
  2 gnolls (D:6)
  7 adders
  2 shadow imps (D:5)
  A white imp (D:5)
  3 ribbon worms
  2 dart slugs (D:4)
  5 orcs
  6 bats
  8 endoplasms
  A giant cockroach (D:3)
  13 goblins
  9 hobgoblins
  7 jackals
  4 kobolds
  4 ball pythons
  3 frilled lizards
  9 rats
101 creatures vanquished.

Vanquished Creatures (collateral kills)
  A hound (D:5)
  Jessica (D:3)
  2 gnolls (D:6)
  An adder (D:5)
  A goblin (D:3)
6 creatures vanquished.

Vanquished Creatures (others)
  2 blazeheart cores
2 creatures vanquished.

Grand Total: 109 creatures vanquished

Notes
Turn   | Place    | Note
-------+----------+-------------------------------------------
     0 | D:1      | unlimited1921 the Gnoll Cinder Acolyte began the quest for
                  | the Orb.
     0 | D:1      | Reached XP level 1. HP: 23/23 MP: 4/4
   162 | D:1      | Reached XP level 2. HP: 22/29 MP: 5/5
   513 | D:1      | Found a faded altar of an unknown god.
  1177 | D:2      | Learned a level 2 spell: Scorch
  1270 | D:2      | Reached XP level 3. HP: 24/35 MP: 7/7
  1814 | D:2      | Reached skill level 1 in Invocations
  2263 | D:2      | Identified the +1 helmet "Erchev" {rPois Regen+ Str+6
                  | Stlth-}
  2263 | D:2      | Noticed Robin
  2306 | D:2      | Reached skill level 1 in Short Blades
  2306 | D:2      | Reached skill level 1 in Long Blades
  2306 | D:2      | Reached skill level 1 in Maces & Flails
  2306 | D:2      | Reached skill level 1 in Polearms
  2306 | D:2      | Reached skill level 1 in Staves
  2306 | D:2      | Reached skill level 1 in Ranged Weapons
  2306 | D:2      | Reached skill level 1 in Throwing
  2306 | D:2      | Reached skill level 1 in Armour
  2306 | D:2      | Reached skill level 1 in Dodging
  2306 | D:2      | Reached skill level 1 in Stealth
  2306 | D:2      | Reached skill level 1 in Shields
  2306 | D:2      | Reached skill level 1 in Unarmed Combat
  2306 | D:2      | Reached skill level 1 in Evocations
  2509 | D:2      | Reached skill level 1 in Shapeshifting
  2509 | D:2      | Reached XP level 4. HP: 41/41 MP: 5/8
  2730 | D:2      | Killed Robin
  3098 | D:2      | Reached skill level 1 in Conjurations
  3098 | D:2      | Reached skill level 1 in Hexes
  3098 | D:2      | Reached skill level 1 in Summonings
  3098 | D:2      | Reached skill level 1 in Necromancy
  3098 | D:2      | Reached skill level 1 in Translocations
  3098 | D:2      | Reached skill level 1 in Ice Magic
  3098 | D:2      | Reached skill level 1 in Air Magic
  3098 | D:2      | Reached skill level 1 in Earth Magic
  3098 | D:2      | Reached skill level 1 in Alchemy
  3485 | D:2      | Found a runed translucent door.
  3486 | D:2      | Noticed Crazy Yiuf
  3831 | D:2      | Killed Crazy Yiuf
  4057 | D:3      | Reached XP level 5. HP: 47/47 MP: 9/9
  4081 | D:3      | Noticed a moth of wrath
  4090 | D:3      | Found a bloodstained altar of Trog.
  4690 | D:3      | Killed a moth of wrath
  4691 | D:3      | Reached XP level 6. HP: 55/55 MP: 0/11
  4691 | D:3      | Reached XP level 7. HP: 60/60 MP: 0/12
  4871 | D:3      | Identified the +1 cloak of the Kodama {*Corrode rC+ Slay+5}
  5000 | D:3      | Learned a level 3 spell: Summon Ice Beast
  5005 | D:3      | Learned a level 4 spell: Summon Blazeheart Golem
  5206 | D:3      | Noticed Jessica
  5214 | D:3      | Killed Jessica
  5273 | D:3      | Found a shimmering blue altar of Sif Muna.
  6044 | D:4      | Found a staircase to the Ecumenical Temple.
  6649 | D:4      | Found a sparkling altar of Nemelex Xobeh.
  7389 | D:4      | Found an ancient bone altar of Kikubaaqudgha.
  7461 | Temple   | Entered the Ecumenical Temple
  7587 | D:5      | Entered Level 5 of the Dungeon
  7644 | D:5      | Reached XP level 8. HP: 50/67 MP: 1/14
  7901 | D:5      | Found Wyxyg's Weapon Emporium.
  8323 | D:5      | Slain by a wight

Illustrated notes

Levels and vault maps discovered:
D:1:      dpeg_arrival_three_bigger_balls, layout_basic,
          shapermc_ecumenical_altar_mp_vishouse
D:2:      layout_basic, uniq_crazy_yiuf_cottage, uniq_robin
D:3:      layout_rooms, tgw_trog, tgw_sif, minivault_26, serial_bayou_crossing
D:4:      layout_loops_cross, overflow_temple_1_default,
          mainiacjoe_overflow_alcove_2, minmay_temple_entry_wispy,
          hangedman_abyss_or_decor_lesser_grid
D:5:      layout_rooms, serial_shops, shop
D:6:      hangedman_cross_stitches, layout_gridville,
          mainiacjoe_overflow_six_doors_small, serial_shops,
          nicolae_shop_bloodbath_and_beyond, kennysheep_generic_room_15
Temple:   nicolae_temple_ecumenical_triangle

Skill      XL: |  1  2  3  4  5  6  7  8 |
---------------+-------------------------+-----
Invocations    | 1 2 3 |  3.9
Short Blades   | 1 2 3 |  3.5
Long Blades    | 1 2 3 |  3.5
Maces & Flails | 1 2 3 |  3.5
Polearms       | 1 2 3 |  3.5
Staves         | 1 2 3 |  3.5
Ranged Weapons | 1 2 3 |  3.5
Throwing       | 1 2 3 |  3.5
Armour         | 1 2 3 |  3.5
Dodging        | 1 2 3 |  3.5
Stealth        | 1 2 3 |  3.5
Shields        | 1 2 3 |  3.5
Unarmed Combat | 1 2 3 |  3.5
Evocations     | 1 2 3 |  3.5
Shapeshifting  | 1 2 3 |  3.2
Spellcasting   | 3 4 |  4.6
Conjurations   | 1 2 |  2.9
Hexes          | 1 2 |  2.9
Summonings     | 1 2 |  2.9
Necromancy     | 1 2 |  2.9
Translocations | 1 2 |  2.9
Ice Magic      | 1 2 |  2.9
Air Magic      | 1 2 |  2.9
Earth Magic    | 1 2 |  2.9
Alchemy        | 1 2 |  2.9
Fighting       | 7 |  7.5
Axes           | 7 |  7.5
Fire Magic     | 6 |  6.2

Action                     |  1- 3 |  4- 6 |  7- 9 || total
---------------------------+-------+-------+-------++-------
  Melee: Hand axe          |    57 |    11 |       ||    68
         Bite              |     3 |     2 |     5 ||    10
         Punch             |     2 |       |     1 ||     3
         Quarterstaff      |       |    16 |       ||    16
         Demon blade       |       |       |    59 ||    59
   Cast: Scorch            |    14 |    32 |    36 ||    82
         Summon Blazeheart |       |       |     5 ||     5
         Summon Ice Beast  |       |       |     3 ||     3
 Invoke: Fiery Armour      |       |       |     1 ||     1
 Armour: Robe              |    44 |    27 |    51 ||   122
  Dodge: Dodged            |    44 |    28 |    48 ||   120
